 Dungeon Crawl Stone Soup version 0.31-a0-1237-gabc64e778c (webtiles) character file.

Game seed: 90116763813274931

66 gelatine the Trooper (level 3, -4/29 HPs)
             Began as a Demonspawn Fighter on Dec 16, 2023.
             Slain by Natasha (6 damage)
             ... on level 2 of the Dungeon.
             The game lasted 00:01:54 (968 turns).

gelatine the Trooper (Demonspawn Fighter)            Turns: 968, Time: 00:01:55

Health: -4/29      AC:  6    Str: 18    XL:     3   Next: 96%
Magic:  3/3        EV: 10    Int:  8    God:
Gold:   33         SH:  8    Dex: 12    Spells: 2/2 levels left

rFire   . . .        a - +0 war axe
rCold   . . .        c - +0 buckler
rNeg    . . .        g - +3 leather armour
rPois   .            (no helmet)
rElec   .            (no cloak)
rCorr   .            (no gloves)
SInv    .            (no boots)
Will    .....        (no amulet)
Stlth   +            (no ring)
HPRegen 0.24/turn    (no ring)
MPRegen 0.16/turn

%: no passive effects
@: no status effects
A: magic regeneration, condensation shield
a: no special abilities


You were on level 2 of the Dungeon.
You visited 1 branch of the dungeon, and saw 2 of its levels.

You collected 33 gold pieces.

Inventory:

Hand Weapons
 a - a +0 war axe (weapon)
Armour
 b - a +0 scale mail
 c - a +0 buckler (worn)
 g - a +3 leather armour (worn)
Scrolls
 e - 3 scrolls of identify {unknown}
 f - a scroll of acquirement {unknown}
 h - a scroll of silence {unknown}
 k - a scroll of teleportation {unknown}
Potions
 d - a potion of might
 i - 2 potions of heal wounds {unknown}
 j - a potion of brilliance {unknown}
 l - a potion of curing {unknown}
 m - a potion of attraction {unknown}
 n - a potion of cancellation {unknown}


   Skills:
 * Level 3.5 Fighting
 + Level 2.4 Axes
 * Level 3.1 Armour
 * Level 0.2 Dodging
 * Level 3.2 Shields


You had 2 spell levels left.
You didn't know any spells.
Your spell library was empty.

Dungeon Overview and Level Annotations

Branches:
Dungeon (2/15)

Altars:

Annotations:
D:2 Natasha


Innate Abilities, Weirdness & Mutations

You regenerate magic rapidly.
A meltable shield of frost defends you. (SH +4)


Message History

You barely miss Natasha. You miss the cerulean imp.
Natasha claws you but does no damage. You block the cerulean imp's attack.
The cerulean imp completely misses you.
The cerulean imp hits you but does no damage.
Natasha claws you but does no damage.
You hit Natasha.
Natasha is moderately wounded.
You barely miss the cerulean imp. The cerulean imp barely misses you.
The cerulean imp hits you with a +1 spear.
The cerulean imp hits you from afar with a +1 spear.
Natasha closely misses you. You block the cerulean imp's attack. x2
You hit Natasha but do no damage.
Natasha is moderately wounded.
You barely miss the cerulean imp. You block the cerulean imp's attack.
Natasha claws you!
The cerulean imp hits you from afar with a +0 spear.
* * * LOW HITPOINT WARNING * * *
The cerulean imp closely misses you. You block the cerulean imp's attack.
You closely miss Natasha.
Natasha is moderately wounded.
You hit the cerulean imp. Natasha claws you but does no damage.
You block the cerulean imp's attack. x2
The cerulean imp hits you but does no damage.
Natasha barely misses you.
Unknown command.
You barely miss Natasha.
Natasha is moderately wounded.
You closely miss the cerulean imp.
The cerulean imp disappears in a puff of smoke!
The cerulean imp hits you with a +1 spear.
* * * LOW HITPOINT WARNING * * *
You block the cerulean imp's attack. Natasha claws you but does no damage.
The cerulean imp hits you with a +1 spear.
* * * LOW HITPOINT WARNING * * *
You block the cerulean imp's attack.
You slash Natasha!
Natasha is severely wounded.
You barely miss the cerulean imp. Natasha claws you.
You die...
Natasha begins licking her fur clean.

#.##)####.###...##.........
#.##.#.....#..#.##.#######.
#.##.#.####.....>........#.
#.##...............#####.#.
#.)..........#..########.#.
####...###..#.#.# #.......
#...# #..#.#.# #.###...
#...###5.#.#.# #.# ###.
#......@h....# #.# #.
##.<###..#.######.# #. #.##
#5.#........# ## #.#
#..########## #.# #...# #.#
##..# #.#####..# #........#
#.######.##############


You could see Natasha and 2 cerulean imps.

Vanquished Creatures
  Natasha (D:2)
  An adder (D:2)
  3 dart slugs (D:1)
  4 bats
  2 goblins
  3 hobgoblins
  2 quokkas (D:2)
  5 ball pythons
  A frilled lizard (D:1)
  4 kobolds
  2 rats
28 creatures vanquished.

Notes
Turn   | Place    | Note
-------+----------+-------------------------------------------
     0 | D:1      | gelatine the Demonspawn Fighter began the quest for the
                  | Orb.
     0 | D:1      | Reached XP level 1. HP: 18/18 MP: 1/1
   162 | D:1      | Gained mutation: A meltable shield of frost defends you.
                  | (SH +4) [demonic ancestry]
   162 | D:1      | Reached XP level 2. HP: 22/24 MP: 2/2
   798 | D:2      | Noticed Natasha
   801 | D:2      | Gained mutation: You regenerate magic rapidly. [demonic
                  | ancestry]
   801 | D:2      | Reached XP level 3. HP: 29/29 MP: 3/3
   809 | D:2      | Killed Natasha
   957 | D:2      | Noticed Natasha
   968 | D:2      | Slain by Natasha

Illustrated notes

Levels and vault maps discovered:
D:1:      tarquinn_simple_flora_water_d, layout_loops_ring
D:2:      layout_loops_ring, kennysheep_generic_room_2, uniq_natasha

Skill      XL: |  1  2 |
---------------+-------+-----
Axes           | 2 |  2.4
Shields        | 3 |  3.2
Armour         | 3 |  3.1
Fighting       | |  3.5
Dodging        | |  0.2

Action                     || total
---------------------------++-------
  Melee: War axe           ||    64
 Armour: Scale mail        ||     5
         Leather armour    ||    42
  Dodge: Dodged            ||    44
  Block: Buckler           ||    44

Table legend: (Time is in decaauts)
 A = Elapsed time spent in this place.
 B = Non-inter-level travel time spent in this place.
 C = Inter-level travel time spent in this place.
 D = Time resting spent in this place.
 E = Time spent auto-exploring this place.
 F = Levels seen in this place.
 G = Mean time per level.
                   A        B        C        D        E       F      G
               +--------+--------+--------+--------+--------+-----+--------+
         Total |    995 |    982 |     13 |      0 |    748 |   2 |  497.5 |
       Dungeon |    995 |    982 |     13 |      0 |    748 |   2 |  497.5 |
               +--------+--------+--------+--------+--------+-----+--------+

Top non-repeatable levels by time:
     D:1: 616 daAuts
     D:2: 379 daAuts
